 Dungeon Crawl Stone Soup version 0.28.0-43-g3370ac3207 (webtiles) character file.

Game seed: 2496693965440902629

674 hawla the Conjurer (level 7, 0/57 HPs)
             Began as a Grey Draconian Conjurer on Mar 1, 2022.
             Slain by an orc warrior
             ... wielding a +0 scimitar
              (12 damage)
             ... on level 6 of the Dungeon.
             The game lasted 00:13:23 (5516 turns).

hawla the Conjurer (Grey Draconian Conjurer)        Turns: 5516, Time: 00:13:24

Health: 0/57       AC: 11    Str:  9    XL:     7   Next: 33%
Magic:  2/13       EV: 11    Int: 20    God:
Gold:   157        SH:  5    Dex: 10    Spells: 4/14 levels left

rFire   + . .      SeeInvis .   (no weapon)
rCold   + . .      Faith    .   f - +2 buckler
rNeg    . . .      Spirit   .   (armour unavailable)
rPois   +          Reflect  .   (helmet restricted)
rElec   +          Harm     .   (no cloak)
rCorr   +          Rampage  .   (no gloves)
Will    .....                   (no boots)
Stlth   ++........              (no amulet)
HPRegen 0.19/turn               (no ring)
MPRegen 0.13/turn               (no ring)

@: resistant
A: AC +11, amphibious, unfitting armour, cold-blooded
a: no special abilities


You were on level 6 of the Dungeon.
You visited 1 branch of the dungeon, and saw 6 of its levels.

You collected 157 gold pieces.

Inventory:

Missiles
 b - 3 boomerangs (quivered)
 e - 5 poisoned darts
Armour
 f - a +2 buckler (worn)
Scrolls
 a - a scroll of brand weapon {unknown}
 c - a scroll of enchant weapon {unknown}
 h - a scroll of amnesia {unknown}
 k - a scroll of identify
Potions
 d - a potion of flight


   Skills:
 + Level 3.1 Fighting
 - Level 2.0 Throwing
 + Level 2.5 Dodging
 + Level 2.5 Stealth
 + Level 4.0 Spellcasting
 + Level 6.0 Conjurations
 + Level 1.1 Necromancy
 + Level 1.1 Translocations


You had 4 spell levels left.
You knew the following spells:

 Your Spells              Type           Power      Damage    Failure   Level
a - Magic Dart            Conj           100%       1d8       1%          1
b - Searing Ray           Conj           56%        2d6       2%          2
c - Iskenderun's Mystic   Conj/Tloc      18%        2d6       36%         4
d - Vampiric Draining     Necr           8%         2d6       32%         3

Your spell library contained the following spells:

 Spells                   Type           Power      Damage    Failure   Level
 Dazzling Flash           Conj/Hex       32%        N/A       16%         3
 Slow                     Hex            16%        N/A       17%         1
 Confusing Touch          Hex            4%         N/A       45%         3
 Ozocubu's Armour         Ice            4%         N/A       45%         3
 Fulminant Prism          Conj/Hex       8%         3d7       45%         4
 Metabolic Englaciation   Hex/Ice        2%         N/A       99%         5
 Simulacrum               Ice/Necr       3%         N/A       100%        6
 Starburst                Conj/Fire      8%         6d4       100%        6


Dungeon Overview and Level Annotations

Branches:
Dungeon (6/15)
 Temple: D:4-7

Altars:
Fedhas
Makhleb

Shops:
D:3 *

Annotations:
D:5 Menkaure


Innate Abilities, Weirdness & Mutations

Your dull iron-grey scales are very hard. (AC +11)
You are amphibious.
You cannot fit into any form of body armour.
You are cold-blooded and may be slowed by cold attacks.


Message History

The mystic blast hits the centaur skeleton!
The centaur skeleton is severely damaged.
The centaur skeleton is knocked back by the mystic blast.
The mystic blast hits the orc warrior.
The orc warrior is heavily wounded.
The orc warrior is knocked back by the mystic blast.
The orc warrior slams into the rock wall!
The orc warrior is severely wounded.
The mystic blast hits the orc.
The orc is moderately wounded.
The orc is knocked back by the mystic blast.
The orc closely misses you.
Casting: Iskenderun's Mystic Blast (quite dangerous; 38% risk of failure)
Confirm with . or Enter, or press ? or * to list all spells.
The spell is quite dangerous to miscast (38% risk of failure)!
Continue anyway?
You erupt in a blast of force!
The mystic blast hits the centaur skeleton!
You destroy the centaur skeleton!
The mystic blast hits the orc warrior.
The orc warrior is severely wounded.
The orc warrior is knocked back by the mystic blast.
The orc warrior slams into the rock wall!
The mystic blast hits the orc.
You kill the orc!
Casting: Iskenderun's Mystic Blast (quite dangerous; 36% risk of failure)
Confirm with . or Enter, or press ? or * to list all spells.
Aiming: Searing Ray (safe; 2% risk of failure)
Press: ? - help, Shift-Dir - straight line, f - orc warrior
Aim: an orc warrior, wielding a +0 scimitar and wearing a +0 plate armour (severely wounded, 79% to hit)
The searing ray hits the orc warrior but does no damage.
The orc warrior is severely wounded. (Press . to maintain the ray.)
The searing ray hits the orc warrior but does no damage.
The orc warrior is severely wounded.
The orc warrior hits you with a +0 scimitar!
* * * LOW HITPOINT WARNING * * *
The searing ray hits the orc warrior.
The orc warrior is severely wounded.
The orc warrior hits you with a +0 scimitar!
You die...

##....###.#
######.......#.#####
+.).)...............
####.......#.#.....
#.......#.###### ###
#.......#..)).# ....
#.......#####.# .....
..######+#########'##.....
...+.......@))..........o..
#...######.#o###............
#...# # #.###............
#####...###
##..............$
..........# +...............
..........# #...............
..........# #...........###.
.<........# #...........#
.....Z....# #...........#


You could see an orc warrior.

Vanquished Creatures
  An ice beast (D:6)
  A phantom (D:4)
  2 scorpions (D:4)
  A jelly (D:5)
  A bullfrog skeleton (D:5)
  2 centaur skeletons
  A gnoll shaman (D:6)
  2 iguanas (D:5)
  An orc wizard (D:6)
  A hound skeleton (D:4)
  2 adders
  10 gnolls
  A shadow imp (D:6)
  An ufetubus (D:5)
  2 worms
  A dart slug (D:1)
  2 orcs
  4 ball pythons
  5 endoplasms
  2 giant cockroaches
  6 goblins
  4 hobgoblins
  6 kobolds
  3 quokkas
  A frilled lizard (D:2)
  3 rats (D:2)
66 creatures vanquished.

Notes
Turn   | Place    | Note
-------+----------+-------------------------------------------
     0 | D:1      | hawla the Draconian Conjurer began the quest for the Orb.
     0 | D:1      | Reached XP level 1. HP: 14/14 MP: 3/3
   341 | D:1      | Reached XP level 2. HP: 20/20 MP: 3/5
   344 | D:1      | Learned a level 2 spell: Searing Ray
   809 | D:1      | Found a faded altar of an unknown god.
  1427 | D:2      | Reached XP level 3. HP: 11/26 MP: 0/6
  2144 | D:3      | Found a blossoming altar of Fedhas.
  2296 | D:3      | Found a faded altar of an unknown god.
  2301 | D:3      | Found a burning altar of Makhleb.
  2683 | D:3      | Found Hycrou Jeffo's Assorted Antiques.
  3124 | D:4      | Reached skill level 5 in Conjurations
  3124 | D:4      | Reached XP level 4. HP: 33/33 MP: 2/7
  3253 | D:4      | Noticed a scorpion
  3260 | D:4      | Killed a scorpion
  3261 | D:4      | Reached XP level 5. HP: 38/38 MP: 9/9
  3293 | D:4      | Noticed a phantom
  3299 | D:4      | Killed a phantom
  3300 | D:4      | Reached skill level 1 in Throwing
  3305 | D:4      | Learned a level 4 spell: Iskenderun's Mystic Blast
  3309 | D:4      | Learned a level 3 spell: Vampiric Draining
  3914 | D:4      | Reached XP level 6. HP: 37/46 MP: 1/11
  4440 | D:5      | Entered Level 5 of the Dungeon
  4546 | D:5      | Reached skill level 1 in Fighting
  4716 | D:5      | Reached skill level 1 in Translocations
  4718 | D:5      | Reached skill level 1 in Necromancy
  4974 | D:5      | Noticed an ice beast
  4977 | D:5      | Noticed Menkaure
  4998 | D:6      | Killed an ice beast
  4999 | D:6      | Reached skill level 6 in Conjurations
  4999 | D:6      | Your scales start taking on a dull iron-grey colour.
  4999 | D:6      | Reached XP level 7. HP: 7/55 MP: 1/12
  5516 | D:6      | Slain by an orc warrior

Illustrated notes

Levels and vault maps discovered:
D:1:      dpeg_arrival_water_temple_mockup, layout_rooms,
          shapermc_ecumenical_altar_venn
D:2:      layout_basic
D:3:      layout_loops_ring, fedhas_altar_3, nicolae_overflow_ecumenical_swirl,
          serial_shops, shop
D:4:      layout_gridville, minivault_11
D:5:      layout_rooms, riverfiend_overflow_shadow_ancestor, serial_rivers,
          chequers_serial_rivers_micro_a, chequers_serial_rivers_micro_a,
          chequers_serial_rivers_micro_a, chequers_serial_rivers_micro_e,
          chequers_serial_rivers_micro_a, chequers_serial_rivers_room_b,
          uniq_menkaure
D:6:      layout_basic, minmay_misc_feat_enclosed, uniq_grinder

Skill      XL: |  1  2  3  4  5  6  7 |
---------------+----------------------+-----
Dodging        | 2 |  2.5
Stealth        | 2 |  2.5
Conjurations   | 5 6 |  6.0
Throwing       | 1 2 |  2.0
Spellcasting   | 3 4 |  4.0
Fighting       | 2 3 |  3.1
Translocations | 1 |  1.1
Necromancy     | 1 |  1.1

Action                   |  1- 3 |  4- 6 |  7- 9 || total
-------------------------+-------+-------+-------++-------
Melee: Unarmed           |    55 |    38 |    23 ||   116
       Tailslap          |     8 |     5 |     8 ||    21
       Punch             |     1 |       |       ||     1
Throw: Dart              |    11 |     9 |       ||    20
 Cast: Magic Dart        |    24 |    12 |     3 ||    39
       Searing Ray       |    18 |    21 |     8 ||    47
       Vampiric Draining |       |     1 |       ||     1
       Iskenderun's Myst |       |     2 |     3 ||     5
  Use: Scroll            |     4 |       |       ||     4
       Potion            |     3 |     3 |     4 ||    10
Armor: Skin              |    18 |    41 |    14 ||    73
Dodge: Dodged            |    35 |    43 |    31 ||   109
Block: Buckler           |       |       |     6 ||     6
